 Dungeon Crawl Stone Soup version 0.23-a0-494-g91793a9 (webtiles) character file.

42 theanonym the Cudgeler (level 3, -3/27 HPs)
             Began as a Mummy Warper on Dec 3, 2018.
             Shot with an arrow by a centaur (8 damage)
             ... on level 2 of the Dungeon.
             The game lasted 00:01:18 (1362 turns).

theanonym the Cudgeler (Mummy Warper)               Turns: 1362, Time: 00:01:19

Health: -3/27      AC:  3    Str: 15    XL:     3   Next: 33%
Magic:  7/7        EV: 11    Int: 12    God:
Gold:   62         SH:  0    Dex: 11    Spells: 7/7 levels left

rFire    x . .     SeeInvis .   h - +1 whip (freeze)
rCold    + . .     Gourm    .   (no shield)
rNeg     + + +     Faith    .   i - +0 leather armour (curse)
rPois    ∞         Spirit   .   (no helmet)
rElec    .         Reflect  .   (no cloak)
rCorr    .         Harm     .   (no gloves)
MR       .....                  (no boots)
Stlth    ..........             (no amulet)
HPRegen  0.09/turn              d - ring of attention (curse)
MPRegen  0.10/turn              (no ring)

@: no status effects
A: no food or potions, fire vulnerability, cold resistance 1, negative energy
resistance 3, torment resistance, unbreathing
a: no special abilities


Innate Abilities, Weirdness & Mutations

You do not eat or drink.
Your flesh is vulnerable to fire.
You are immune to poison.
Your flesh is cold resistant. (rC+)
You are immune to negative energy. (rN+++)
You are immune to unholy pain and torment.
You can survive without breathing.


   Skills:
 - Level 2.0 Fighting
 + Level 3.1 Maces & Flails
 - Level 0.7 Throwing
 - Level 0.7 Armour
 - Level 1.5 Dodging
 - Level 2.6 Spellcasting
   Level 2.4 Translocations


You had 7 spell levels left.
You didn't know any spells.
Your spell library contained the following spells:

 Spells                   Type           Power        Failure   Level  Hunger
 Blink                    Tloc           N/A          17%         2    N/A
 Shroud of Golubria       Chrm/Tloc      #.........   28%         2    N/A
 Gell's Gravitas          Tloc           #.........   34%         3    N/A
 Lesser Beckoning         Tloc           #.........   34%         3    N/A
 Teleport Other           Tloc           #.......     34%         3    N/A
 Passage of Golubria      Tloc           N/A          75%         4    N/A

Skill      XL: |  1  2  3 |
---------------+----------+-----
Maces & Flails | 2 3 |  3.1
Fighting       | |  2.0
Throwing       | |  0.7
Armour         | |  0.7
Dodging        | |  1.5
Spellcasting   | |  2.6
Translocations | |  2.4

Action                   || total
-------------------------++-------
Melee: Mace              ||    43
       Whip              ||    39
Throw: Tomahawk          ||     1
Armor: Leather armour    ||    22
Dodge: Dodged            ||    63

Inventory:

Hand Weapons
 a - a +0 mace
 h - a +1 whip of freezing (weapon)
   (You took it off a kobold on level 1 of the Dungeon)
Missiles
 e - 4 tomahawks of dispersal (quivered)
Armour
 b - a +0 leather armour
 i - a cursed +0 leather armour (worn)
   (You found it on level 1 of the Dungeon)
Jewellery
 d - a cursed ring of attention (left hand)
   (You found it on level 1 of the Dungeon)
 g - an uncursed amulet of magic regeneration {unknown}
   (You found it on level 1 of the Dungeon)
 k - an uncursed amulet of the gourmand {unknown}
   (You found it on level 1 of the Dungeon)
Scrolls
 c - a scroll of remove curse {unknown}
 f - a scroll of enchant armour {unknown}
 j - 3 scrolls of identify {unknown}
 l - a scroll of immolation {unknown}
 m - a scroll of amnesia {unknown}
 B - 2 scrolls of blinking


You were on level 2 of the Dungeon.
You were not hungry.

You visited 1 branch of the dungeon, and saw 2 of its levels.

You collected 62 gold pieces.

Dungeon Overview and Level Annotations

Branches:
Dungeon (2/15)

Altars:

#.###.#######
####....#......######
#......###..........#
#.#####.#.####.####.#
# ##.## #.# #.# ###
#.# #.# #.# #.# #.#
#.# ##@## #.#
######...###.#
...........#.#
######.g.#.#.#
#.g.#....# ######
#c#.(....# #g§).#
#.#.#...##
...[w..##(# #.#.##.##
..b.c## #.# #.#.##.#


You could see a centaur and 2 goblins.

Notes
Turn   | Place    | Note
-------+----------+-------------------------------------------
     0 | D:1      | theanonym the Mummy Warper began the quest for the Orb.
     0 | D:1      | Reached XP level 1. HP: 16/16 MP: 4/4
   128 | D:1      | Reached skill level 2 in Maces & Flails
   132 | D:1      | Reached XP level 2. HP: 17/22 MP: 5/5
   559 | D:1      | HP: 10/22 [hobgoblin/+0 club (3)]
   961 | D:1      | Reached XP level 3. HP: 25/27 MP: 7/7
  1074 | D:1      | Reached skill level 3 in Maces & Flails
  1320 | D:2      | Noticed a centaur
  1335 | D:2      | HP: 8/27 [centaur (6)]
  1336 | D:2      | HP: 2/27 [centaur (6)]
  1362 | D:2      | Shot with an arrow by a centaur

Vanquished Creatures
  2 dart slugs
  2 leopard geckos (D:1)
  A ball python (D:1)
  3 giant cockroaches
  4 goblins
  5 hobgoblins (D:1)
  6 kobolds
  5 bats
  3 frilled lizards (D:1)
  A rat (D:1)
32 creatures vanquished.

Table legend:
 A = Turns spent in this place as a percentage of turns spent in the entire game.
 B = Non-inter-level travel turns spent in this place as a percentage of non-inter-level travel turns spent in the entire game.
 C = Inter-level travel turns spent in this place as a percentage of turns spent in this place.
 D = Turns resting spent in this place as a percentage of non-inter-level travel turns spent in this place.
 E = Turns spent auto-exploring this place as a percentage of non-inter-level travel turns spent in this place.
 F = Non-inter-level travel turns spent in this place divided by the number of levels of this place that you've seen.
                   A       B       C       D       E      F
               +-------+-------+-------+-------+-------+----------------------
         Total | 100.0 | 100.0 |   2.6 |  32.7 |  51.3 | 663.0
       Dungeon | 100.0 | 100.0 |   2.6 |  32.7 |  51.3 | 663.0
               +-------+-------+-------+-------+-------+----------------------
